 Dungeon Crawl Stone Soup version 0.26-a0-365-g11c2b627af (webtiles) character file.

Game seed: 3712024882417033493

113704 Glokmah the Severer (level 16, -8/182 HPs)
             Began as an Ogre Berserker on July 19, 2020.
             Was the Champion of Trog.
             Mangled by a merfolk impaler
             ... wielding a +3 vorpal trident
              (9 damage)
             ... on level 1 of the Shoals.
             The game lasted 01:03:45 (26196 turns).

Glokmah the Severer (Ogre Berserker)               Turns: 26196, Time: 01:03:46

Health: -8/182     AC: 24    Str: 25    XL:     16   Next: 63%
Magic:  16/16      EV:  6    Int: 16    God:    Trog [******]
Gold:   1255       SH:  0    Dex: 13    Spells: 15/15 levels left

rFire    x . .     SeeInvis +   b - +6 battleaxe of Causality {freeze, rPois MR+ Int+8 Dex-4}
rCold    + + +     Faith    .   (shield currently unavailable)
rNeg     . . .     Spirit   .   r - +4 ice dragon scales
rPois    +         Reflect  +   j - +0 mask of the Dragon {MR+ Slay+3 SInv}
rElec    .         Harm     .   B - +1 cloak
rCorr    .                      (gloves unavailable)
MR       ++++.                  (boots unavailable)
Stlth    ..........             I - amulet of reflection
HPRegen  1.40/turn              P - +4 ring of protection
MPRegen  0.15/turn              F - ring of Kuyre {rPois rC+ MR- Dex+4 Slay+5}

@: lethally poisoned (-8 -> -8), berserk cooldown, held, regenerating, slowed,
very slow
A: large, unfitting armour, tough skin 1
a: Berserk, Trog's Hand, Brothers in Arms, Renounce Religion


You were on level 1 of the Shoals.
You worshipped Trog.
Trog was exalted by your worship.
You visited 4 branches of the dungeon, and saw 24 of its levels.
You also visited: Sewer, Bailey and Ice Cave.

You collected 4123 gold pieces.
You spent 2868 gold pieces at shops.

Inventory:

Hand Weapons
 a - a +4 executioner's axe of flaming
 b - the +6 battleaxe of Causality (weapon) {freeze, rPois MR+ Int+8 Dex-4}
   (You bought it in a shop on level 12 of the Dungeon)

   It has been specially enchanted to freeze those struck by it, causing extra
   injury to most foes and up to half again as much damage against particularly
   susceptible opponents.
   It can also slow down cold-blooded creatures.
   It affects your intelligence (+8).
   It affects your dexterity (-4).
   It protects you from poison.
   It affects your resistance to hostile enchantments.
 c - a +5 vampiric giant club
 d - the +4 giant spiked club of Loezxig {antimagic, +Blink rN++ Str+3}
   (Trog gifted it to you on level 2 of the Orcish Mines)

   It reduces the magical energy of the wielder, and disrupts the spells and
   magical abilities of those hit.
   Natural abilities and divine invocations are not affected.
   It affects your strength (+3).
   It greatly protects you from negative energy.
   It lets you blink.
 e - a +2 vorpal broad axe
Missiles
 h - 99 boomerangs (quivered)
 q - 9 silver javelins
 s - 29 poisoned darts
 u - 824 stones
 J - 2 silver boomerangs
 Q - 16 javelins
Armour
 j - the +0 mask of the Dragon (worn) {MR+ Slay+3 SInv}
   (You bought it in a shop on level 2 of the Orcish Mines)

   It affects your accuracy and damage with ranged weapons and melee attacks
   (+3).
   It affects your resistance to hostile enchantments.
   It lets you see invisible.
 r - +4 ice dragon scales (worn)
 B - a +1 cloak (worn)
Jewellery
 g - an uncursed amulet of regeneration
 o - an uncursed ring of protection from magic
 D - an uncursed ring of protection from fire
 F - the ring of Kuyre (right hand) {rPois rC+ MR- Dex+4 Slay+5}
   (You bought it in a shop on level 2 of the Orcish Mines)

   [ring of poison resistance]

   It affects your dexterity (+4).
   It affects your accuracy and damage with ranged weapons and melee attacks
   (+5).
   It protects you from cold.
   It protects you from poison.
   It affects your resistance to hostile enchantments.
 H - a +4 ring of evasion
 I - an amulet of reflection (around neck)
 P - a +4 ring of protection (left hand)
Wands
 E - a wand of acid (10)
 N - a wand of digging (14)
 U - a wand of iceblast (30)
 V - a wand of flame (16)
 W - a wand of disintegration (7)
 X - a wand of clouds (4)
 Y - a wand of polymorph (24)
Scrolls
 l - 19 scrolls of remove curse
 n - a scroll of holy word
 t - a scroll of summoning
 x - a scroll of noise
 y - 3 scrolls of blinking
 A - 10 scrolls of teleportation
 C - 2 scrolls of fog
 G - a scroll of silence
 K - a scroll of brand weapon
 O - 3 scrolls of fear
 R - 6 scrolls of magic mapping
 T - a scroll of immolation
Potions
 f - 21 potions of curing
 i - 13 potions of heal wounds
 k - 10 potions of mutation
 m - 5 potions of flight
 p - 2 potions of lignification
 v - 3 potions of resistance
 w - 6 potions of ambrosia
 z - 3 potions of might
 L - 3 potions of cancellation
 M - 4 potions of magic
 S - 5 potions of brilliance
 Z - a potion of berserk rage


   Skills:
 + Level 16.9 Fighting
 * Level 17.6(19.2) Axes
 * Level 12.8(16.1) Maces & Flails
 + Level 9.0 Armour
 - Level 7.0 Dodging


You had 15 spell levels left.
You didn't know any spells.
Your spell library was empty.

Dungeon Overview and Level Annotations

Branches:
Dungeon (15/15)            Temple (0/1) D:7            Lair (6/6) D:10
 Shoals (1/4) Lair:2        Snake (0/4) Lair:4        Slime (0/5) Lair:5
    Orc (2/2) D:10            Elf (0/3) Orc:2        Vaults (0/5) D:14
 Depths (0/5) D:15          Sewer (visited)          Bailey (visited)
  IceCv (visited)

Altars:
Gozag
Nemelex Xobeh
Zin
Beogh
Jiyva

Shops:
D:6 (   D:10 }   D:12 *   D:14 }   Orc:1 *(=[?   Orc:2 }(=[


Innate Abilities, Weirdness & Mutations

You are too large for most types of armour.
You have tough skin. (AC +1)


Message History

The merfolk javelineer throws a javelin.
The javelin pierces through you!
* * * LOW HITPOINT WARNING * * *
You hear a splash.
The merfolk hits you but does no damage.
The merfolk impaler hits you but does no damage. x2
Your stone giant goes berserk!
You feel sick.
The merfolk impaler hits you from afar with a +4 demon trident of venom!
* * * LOW HITPOINT WARNING * * *
The merfolk javelineer throws a javelin.
The javelin pierces through you!
* * * LOW HITPOINT WARNING * * *
You hear a splash.
The merfolk impaler hits you but does no damage.
The merfolk hits you from afar with a +0 trident!
* * * LOW HITPOINT WARNING * * *
The merfolk impaler hits you but does no damage. x2
The merfolk impaler hits you from afar with a +3 vorpal trident!
You die...

.....≈≈.......#.......≈≈≈≈≈≈≈≈≈≈
.....≈≈.............≈.≈≈≈≈≈≈≈≈≈≈
.....≈≈≈.....).....).≈≈≈)≈≈≈≈≈≈≈
.....≈≈≈≈≈≈≈≈.....†..≈≈≈≈≈≈≈≈≈≈≈
.....≈≈#####≈≈......≈≈≈≈≈≈≈≈≈≈≈≈
≈ ##≈......(≈≈≈≈≈≈≈≈≈≈≈
#≈......(≈≈≈≈≈≈≈≈≈≈≈
#≈m†C..≈≈≈≈≈≈≈≈≈≈≈≈≈
#≈m.@.≈≈≈(≈≈≈≈≈≈≈≈≈≈
#≈m...≈≈≈≈≈≈≈≈≈≈≈≈≈≈
#≈≈mm..≈≈≈≈≈≈ ..≈≈≈...≈≈≈≈≈≈≈
...≈≈....≈≈≈≈≈≈≈
........≈≈≈≈≈≈≈≈
......≈≈≈≈≈≈≈≈≈≈
≈≈≈≈≈≈≈≈≈≈≈≈≈≈≈≈


You could see 3 merfolk impalers, a merfolk javelineer, a merfolk and a friendly
stone giant (summoned, berserk).

Vanquished Creatures
  2 orc warlords (Orc:2)
  An emperor scorpion (D:15)
  2 entropy weavers (Lair:6)
  A dire elephant (D:15)
  A merfolk javelineer (Shoals:1)
  Josephine (Lair:5)
  A yaktaur captain (D:14)
  Fannar (Lair:1)
  12 hydras
  Erica (D:9)
  2 death knights
  5 two-headed ogres
  A tengu warrior (D:15)
  A queen ant (Lair:6)
  Urug (Lair:2)
  4 orc high priests
  5 sea snakes (Shoals:1)
  2 unseen horrors
  A deep elf archer (D:9)
  2 wizards
  A phantasmal warrior (D:15)
  3 harpies (Shoals:1)
  A necromancer (IceCv)
  4 orc knights (Orc:2)
  3 manticores
  5 orc sorcerers
  8 fauns (Shoals:1)
  3 cyclopes (D:15)
  11 ugly things
  A salamander (D:15)
  8 elephants
  3 black mambas
  The ghost of WhatIsLove the Skirmisher, a novice HOMo (D:4)
  3 centaur zombies
  4 merfolk sirens
  A water nymph (Shoals:1)
  An ice statue (IceCv)
  Maggie (D:7)
  A gargoyle (D:14)
  13 cane toads
  4 centaur skeletons
  2 yaktaurs (D:14)
  2 efreet (D:14)
  4 komodo dragons
  A kobold demonologist (D:15)
  A rime drake (Lair:6)
  10 freezing wraiths (IceCv)
  6 trolls
  3 polar bears (Lair:6)
  4 merfolk
  7 hornets
  11 blink frogs
  13 slime creatures (D:15)
  A wind drake (Shoals:1)
  A dream sheep (Lair:6)
  6 hippogriffs
  6 water elementals (D:14)
  A vampire (D:13)
  14 spriggans
  A shadow (D:14)
  9 wraiths
  4 wyverns
  5 basilisks
  35 yaks
  Eustachio (D:4)
  11 vampire mosquitoes
  6 wargs
  2 nagas (Lair:4)
  15 water moccasins
  20 soldier ants (Lair:6)
  5 porcupines
  Duvessa (D:6)
  19 ice beasts
  A sky beast (D:15)
  40 orc warriors
  3 necrophages (D:9)
  5 black bears
  An eye of draining (D:11)
  An alligator simulacrum (IceCv)
  4 boggarts (Lair:6)
  3 phantoms
  34 wolves
  12 centaurs
  17 ogres
  14 crocodiles
  4 big kobolds
  13 bullfrogs
  Dowan (D:6)
  2 scorpions
  An elephant simulacrum (IceCv)
  3 killer bees (D:7)
  17 wights
  4 electric eels
  5 howler monkeys
  2 draconian simulacra (IceCv)
  4 bullfrog zombies
  5 hounds
  2 quasits
  3 jellies
  Crazy Yiuf (D:6)
  38 orc priests
  3 bullfrog skeletons
  27 orc wizards
  Jessica (D:2)
  6 iguanas
  26 worker ants
  3 spriggan simulacra (IceCv)
  3 troll simulacra (IceCv)
  A killer bee zombie (D:9)
  2 wolf simulacra (IceCv)
  3 centaur simulacra (IceCv)
  3 hound zombies
  A hound skeleton (D:7)
  2 mummies (D:9)
  3 worker ant zombies
  19 gnolls
  5 naga simulacra (IceCv)
  9 adders
  4 ogre simulacra (IceCv)
  2 shadow imps
  16 white imps
  An ufetubus (D:8)
  3 oozes
  An adder zombie (D:7)
  5 worms
  4 dart slugs
  7 leopard geckos
  118 orcs
  5 giant cockroaches
  38 goblins
  40 hobgoblins
  21 jackals
  2 quokkas (D:7)
  4 ball pythons (D:1)
  3 bats
  9 frilled lizards
  28 kobolds
  3 quokka skeletons
  13 rats
  10 fungi
  4 plants
1052 creatures vanquished.

Vanquished Creatures (collateral kills)
  An orc high priest (Orc:2)
  An orc warrior (Orc:2)
  An orc priest (Orc:2)
3 creatures vanquished.

Vanquished Creatures (others)
  A bullfrog (Lair:1)
  An orc wizard (D:9)
  An orc (D:10)
  A bush (Lair:6)
  6 fungi
  2 plants
  A withered plant (D:9)
13 creatures vanquished.

Grand Total: 1068 creatures vanquished

Notes
Turn   | Place    | Note
-------+----------+-------------------------------------------
     0 | D:1      | Glokmah the Ogre Berserker began the quest for the Orb.
     0 | D:1      | Reached XP level 1. HP: 24/24 MP: 1/1
   181 | D:1      | Reached XP level 2. HP: 32/32 MP: 2/2
   673 | D:1      | Reached XP level 3. HP: 39/40 MP: 3/3
  1214 | D:2      | Reached ** piety under Trog
  1420 | D:2      | Noticed Jessica
  1424 | D:2      | Killed Jessica
  1424 | D:2      | Reached XP level 4. HP: 49/49 MP: 4/4
  1973 | D:3      | Reached skill level 5 in Fighting
  1976 | D:3      | Reached XP level 5. HP: 57/57 MP: 5/5
  2218 | D:3      | Found a glowing drain.
  2237 | Sewer    | Entered a sewer
  2242 | Sewer    | Reached *** piety under Trog
  2291 | Sewer    | Noticed a big kobold
  2303 | Sewer    | Killed a big kobold
  2303 | Sewer    | Reached skill level 1 in Axes
  2342 | Sewer    | Found a glowing silver altar of Zin.
  2460 | D:3      | Reached skill level 2 in Axes
  2460 | D:3      | Reached XP level 6. HP: 66/66 MP: 6/6
  2831 | D:3      | Reached skill level 3 in Axes
  3157 | D:4      | Reached XP level 7. HP: 75/75 MP: 7/7
  3161 | D:4      | Reached **** piety under Trog
  3172 | D:4      | Noticed Eustachio
  3224 | D:4      | Killed Eustachio
  3224 | D:4      | Reached skill level 4 in Axes
  3806 | D:4      | Reached XP level 8. HP: 87/87 MP: 8/8
  3814 | D:4      | Reached skill level 5 in Axes
  4014 | D:4      | Found a runed translucent gate.
  4014 | D:4      | Noticed WhatIsLove's ghost (novice HOMo)
  4015 | D:4      | Found a runed translucent gate.
  4015 | D:4      | Identified the +5 whip "Arusefump" {vorpal, Dex+3}
  4015 | D:4      | Identified the +1 chain mail of Dyiwef {rPois Str+3}
  4016 | D:4      | Found a runed translucent gate.
  4021 | D:4      | Found a roughly hewn altar of Beogh.
  4038 | D:4      | Reached skill level 5 in Dodging
  4064 | D:4      | HP: 4/87 [WhatIsLove's ghost (11)]
  4082 | D:4      | Killed WhatIsLove's ghost
  4082 | D:4      | Reached skill level 6 in Axes
  4599 | D:5      | Entered Level 5 of the Dungeon
  4899 | D:5      | Reached XP level 9. HP: 96/96 MP: 9/9
  4942 | D:5      | Reached skill level 7 in Axes
  4959 | D:5      | Reached ***** piety under Trog
  4962 | D:5      | Reached skill level 8 in Axes
  5157 | D:5      | Found a glowing silver altar of Zin.
  5580 | D:6      | Found Goruoclo's Weapon Shop.
  5616 | D:6      | Noticed Dowan
  5617 | D:6      | Noticed Duvessa
  5622 | D:6      | Killed Dowan
  5634 | D:6      | Killed Duvessa
  6024 | D:6      | Reached skill level 9 in Axes
  6024 | D:6      | Reached XP level 10. HP: 110/110 MP: 10/10
  6171 | D:6      | Found a runed translucent door.
  6172 | D:6      | Noticed Crazy Yiuf
  6182 | D:6      | Killed Crazy Yiuf
  6263 | D:7      | Reached skill level 10 in Fighting
  6338 | D:7      | Received a gift from Trog
  6346 | D:7      | Reached skill level 1 in Armour
  6688 | D:7      | Found a staircase to the Ecumenical Temple.
  6822 | D:7      | Reached skill level 10 in Axes
  7006 | D:7      | Noticed Maggie
  7016 | D:7      | Killed Maggie
  7554 | D:8      | Found a sparkling altar of Nemelex Xobeh.
  8187 | D:9      | Noticed a deep elf archer
  8195 | D:9      | Reached XP level 11. HP: 120/120 MP: 11/11
  8215 | D:9      | Killed a deep elf archer
  8215 | D:9      | Reached skill level 11 in Axes
  8401 | D:9      | Received a gift from Trog
  8481 | D:9      | Noticed Erica
  8489 | D:9      | Killed Erica
  8899 | D:10     | Entered Level 10 of the Dungeon
  8910 | D:10     | Noticed a two-headed ogre
  8911 | D:10     | Found a staircase to the Lair.
  8920 | D:10     | Killed a two-headed ogre
  9023 | D:10     | Reached skill level 12 in Axes
  9108 | D:10     | Found a staircase to the Orcish Mines.
  9130 | D:10     | Found a roughly hewn altar of Beogh.
  9231 | D:10     | Found Nuafach's Gadget Boutique.
  9598 | D:11     | Noticed a four-headed hydra
  9605 | D:11     | Killed a one-headed hydra
  9605 | D:11     | Reached skill level 5 in Armour
  9609 | D:11     | Found an opulent altar of Gozag.
  9648 | D:11     | Noticed a manticore
  9654 | D:11     | Killed a manticore
  9657 | D:11     | Reached XP level 12. HP: 83/132 MP: 12/12
 10250 | D:12     | Reached skill level 13 in Axes
 10262 | D:12     | Found a flagged portal.
 10270 | D:12     | Got a crude hand axe
 10273 | Bailey   | Entered a bailey
 10305 | Bailey   | Identified the +0 hand axe of Edowi {flame, Int+2} (You
                  | found it on level 12 of the Dungeon)
 10325 | Bailey   | Reached ****** piety under Trog
 10513 | Bailey   | Received a gift from Trog
 10798 | D:12     | Found Eduthras's Assorted Antiques.
 10821 | D:12     | Bought a shimmering battleaxe for 368 gold pieces
 10821 | D:12     | Identified the +6 battleaxe of Causality {freeze, rPois MR+
                  | Int+8 Dex-4} (You bought it in a shop on level 12 of the
                  | Dungeon)
 11087 | D:13     | Identified a scroll of acquirement
 11087 | D:13     | Acquired 360 gold pieces
 11158 | D:13     | Found a frozen archway.
 11206 | IceCv    | Entered an ice cave
 11228 | IceCv    | Reached skill level 5 in Maces & Flails
 11412 | IceCv    | Found an ancient bone altar of Kikubaaqudgha.
 11712 | D:13     | Reached XP level 13. HP: 145/145 MP: 13/13
 11773 | D:13     | Reached skill level 14 in Axes
 11858 | D:13     | Received a gift from Trog
 12242 | Lair:1   | Entered Level 1 of the Lair of Beasts
 12333 | Lair:1   | Noticed Fannar
 12340 | Lair:1   | Killed Fannar
 13451 | Lair:2   | Found a staircase to the Shoals.
 13612 | Lair:2   | Noticed Urug
 13620 | Lair:2   | Killed Urug
 14426 | Lair:3   | Received a gift from Trog
 14549 | Lair:3   | Reached skill level 15 in Axes
 14975 | Lair:3   | Reached XP level 14. HP: 157/157 MP: 14/14
 15477 | Lair:4   | Found a staircase to the Snake Pit.
 15973 | Lair:4   | Identified the Tome of Shifting Combat Magic
 16233 | Lair:5   | Reached skill level 15 in Fighting
 16365 | Lair:5   | Noticed Josephine
 16373 | Lair:5   | Killed Josephine
 16660 | Lair:5   | Found a staircase to the Slime Pits.
 16670 | Lair:5   | Found a viscous altar of Jiyva.
 17295 | Lair:6   | Entered Level 6 of the Lair of Beasts
 17331 | Lair:6   | Received a gift from Trog
 17476 | Lair:6   | Reached skill level 10 in Maces & Flails
 17731 | Lair:6   | Received a gift from Trog
 18053 | Lair:6   | Reached skill level 16 in Axes
 18792 | Lair:6   | Reached XP level 15. HP: 167/167 MP: 15/15
 19121 | Orc:1    | Entered Level 1 of the Orcish Mines
 19173 | Orc:2    | Entered Level 2 of the Orcish Mines
 19201 | Orc:2    | Received a gift from Trog
 19726 | Orc:1    | Found Boix's Magic Scroll Boutique.
 19741 | Orc:1    | Found Ycvua's Antique Armour Emporium.
 19753 | Orc:1    | Found Goz Racw's Antique Weapon Shop.
 19805 | Orc:1    | Found Guzeh's Jewellery Boutique.
 19941 | Orc:1    | Found Diunaph's General Store.
 20116 | Orc:2    | Found a roughly hewn altar of Beogh.
 20144 | Orc:2    | Found Daz Pona's Gadget Emporium.
 20196 | Orc:2    | Found Utzaef's Antique Weapon Shoppe.
 20517 | Orc:2    | Noticed an orc warlord
 20527 | Orc:2    | Killed an orc warlord
 20527 | Orc:2    | Received a gift from Trog
 20575 | Orc:2    | Identified the +4 giant spiked club of Loezxig {antimagic,
                  | +Blink rN++ Str+3} (Trog gifted it to you on level 2 of the
                  | Orcish Mines)
 20769 | Orc:2    | Found a staircase to the Elven Halls.
 20969 | Orc:2    | Noticed an orc warlord
 20988 | Orc:2    | Killed an orc warlord
 20994 | Orc:2    | Found a roughly hewn altar of Beogh.
 21177 | Orc:2    | Received a gift from Trog
 21263 | Orc:2    | Found Fosoq's Jewellery Boutique.
 21336 | Orc:2    | Found Rueciesh's Armour Shoppe.
 21779 | Orc:2    | Bought the +0 mask of the Dragon {MR+ Slay+3 SInv} for 534
                  | gold pieces
 21779 | Orc:2    | Found the +0 mask of the Dragon {MR+ Slay+3 SInv}
 21875 | Orc:1    | Bought a scroll of acquirement for 884 gold pieces
 21875 | Orc:1    | Bought a scroll of enchant weapon for 127 gold pieces
 21875 | Orc:1    | Bought a scroll of enchant weapon for 127 gold pieces
 21877 | Orc:1    | Acquired 1150 gold pieces
 21940 | Orc:2    | Bought the ring of Kuyre {rPois rC+ MR- Dex+4 Slay+5} for
                  | 828 gold pieces
 22416 | D:14     | Found a gate to the Vaults.
 22534 | D:14     | Found Ungufof Ufru's Gadget Shop.
 22724 | D:14     | Reached skill level 17 in Axes
 22890 | D:14     | Reached XP level 16. HP: 169/180 MP: 16/16
 22910 | D:14     | Found a sparkling altar of Nemelex Xobeh.
 22966 | D:14     | Received a gift from Trog
 22972 | D:14     | Got a bloodstained hand axe {god gift}
 22973 | D:14     | Identified the +5 hand axe "Honali" {vorpal, Dex+2} (Trog
                  | gifted it to you on level 14 of the Dungeon)
 23228 | D:15     | Entered Level 15 of the Dungeon
 25029 | D:15     | Found a staircase to the Depths.
 25424 | Shoals:1 | Entered Level 1 of the Shoals
 26128 | Shoals:1 | Received a gift from Trog
 26196 | Shoals:1 | HP: 1/182 [merfolk/+0 trident (10)]
 26196 | Shoals:1 | Mangled by a merfolk impaler

Illustrated notes

Levels and vault maps discovered:
D:1:      onia_arrival_handbag, layout_basic, chequers_arboretum
D:2:      layout_rooms, serial_forest, infiniplex_forest_lined_3,
          infiniplex_forest_lined_3_way, infiniplex_forest_zigzag_1,
          infiniplex_forest_straight_1, infiniplex_forest_lined_1,
          infiniplex_forest_clump_cross, uniq_jessica
D:3:      layout_loops_ring, cheibrodos_sewer_entry_bend, minmay_fountain_box,
          minmay_vboxes
D:4:      minmay_goblin_kobold_castle, layout_loops_cross,
          biasface_ghost_orc_armoury, uniq_eustachio
D:5:      layout_basic, kennysheep_mini
D:6:      layout_basic, serial_shops, shop, uniq_crazy_yiuf_cottage,
          uniq_duvessa, uniq_blork_the_orc
D:7:      layout_gridville, lemuel_temple_firewalk_a, solitary_fountain,
          uniq_maggie
D:8:      layout_basic, nemelex_dance_club_becter
D:9:      layout_basic, serial_undead, serial_undead_e, serial_undead_f,
          serial_undead_d, serial_undead_c, serial_undead_f, serial_undead_a,
          serial_undead_b, minmay_three_doors, uniq_erica
D:10:     layout_rooms, lair_entry_dummy, minmay_orc_entry_temple_small,
          serial_shops, kennysheep_little_box
D:11:     layout_rooms, nicolae_gozag_cash_rules_everything_around_me
D:12:     layout_roguey, enter_bailey_2, serial_shops,
          nicolae_shop_temple_entry_statues_fountains
D:13:     layout_rooms, portal_ice_cave_entry_ice_beasts,
          minmay_misc_feat_ornament, evilmike_minifort
D:14:     layout_basic, david_vaults_2, serial_shops, shop, basic_altar,
          serial_curves, eino_curves_04, eino_curves_04
D:15:     hangedman_depths_entry_try_elsewhere_first, layout_basic,
          nicolae_lava_and_water
Lair:1:   layout_big_grid, serial_forest, infiniplex_forest_clump_long,
          infiniplex_forest_end_2, infiniplex_forest_corner_1,
          infiniplex_forest_lined_room_3, infiniplex_forest_join,
          infiniplex_forest_fountain, infiniplex_forest_lined_2,
          infiniplex_forest_end_1, lemuel_fruit_fields, uniq_fannar
Lair:2:   layout_long_grid, elwin_shoals_entry_stream, minivault_25,
          grunt_forest_large_clearing_hut, grunt_megastairs_4,
          serial_bayou_shore_a, uniq_urug
Lair:3:   layout_cave_pods
Lair:4:   layout_regular_city, guppyfry_snake_entry_island
Lair:5:   layout_cave_pods, slime_altar_1, guppyfry_lair_drakes, uniq_josephine
Lair:6:   minmay_lair_end_enchanted_forest, layout_small_grid,
          zaba_antful_of_joy, serial_bayou_shore_b
Shoals:1: layout_shoals, serial_shops, shop, nicolae_shoals_mertower
Orc:1:    layout_diamond_mine, serial_shops, shop, shop, shop,
          nicolae_shop_statue_plus, shop, nicolae_orc_damp_corner
Orc:2:    pubby_orc_utopia

Skill      XL: |  1  2  3  4  5  6  7  8  9 10 11 12 13 14 15 16 |
---------------+-------------------------------------------------+-----
Maces & Flails | 3 4 6 8 10 12 | 12.8
Dodging        | 3 4 5 6 7 |  7.0
Fighting       | 5 6 7 8 9 11 12 13 14 15 16 | 16.9
Axes           | 2 3 4 6 9 10 12 13 15 16 17 | 17.6
Armour         | 3 5 6 7 8 9 |  9.0

Action                   |  1- 3 |  4- 6 |  7- 9 | 10-12 | 13-15 | 16-18 || total
-------------------------+-------+-------+-------+-------+-------+-------++-------
Melee: Mace              |   108 |       |       |       |       |       ||   108
       Hand axe          |     2 |   170 |   177 |       |       |       ||   349
       Whip              |       |       |    53 |       |       |       ||    53
       Broad axe         |       |       |    97 |    56 |       |       ||   153
       Executioner's axe |       |       |       |   518 |   102 |    27 ||   647
       Battleaxe         |       |       |       |     3 |   929 |   141 ||  1073
       Giant spiked club |       |       |       |       |       |    22 ||    22
Throw: Boomerang         |       |       |       |       |       |    41 ||    41
Invok: Berserk           |     4 |     5 |    10 |    14 |    12 |     3 ||    48
       Trog's Hand       |       |       |     4 |       |     2 |     2 ||     8
       Brothers in Arms  |       |       |       |       |     1 |     1 ||     2
  Use: Scroll            |       |     9 |    13 |    13 |    13 |     1 ||    49
       Potion            |       |     1 |     2 |     1 |       |       ||     4
 Stab: Sleeping          |       |     2 |       |       |       |       ||     2
Armor: Animal skin       |    31 |    45 |    45 |       |       |       ||   121
       Ice dragon scales |       |       |    75 |   524 |   647 |   116 ||  1362
       Skin              |       |       |       |    24 |       |       ||    24
Dodge: Dodged            |    68 |    94 |   180 |   545 |   437 |    73 ||  1397
Block: Other             |       |       |       |       |       |    37 ||    37
       Reflection        |       |       |       |       |       |    10 ||    10

Table legend: (Time is in decaauts)
 A = Elapsed time spent in this place.
 B = Non-inter-level travel time spent in this place.
 C = Inter-level travel time spent in this place.
 D = Time resting spent in this place.
 E = Time spent auto-exploring this place.
 F = Levels seen in this place.
 G = Mean time per level.
                   A        B        C        D        E       F      G
               +--------+--------+--------+--------+--------+-----+--------+
         Total |  26836 |  24594 |   2242 |   3064 |  14587 |  27 |  993.9 |
       Dungeon |  15168 |  13755 |   1413 |   1725 |   8050 |  15 | 1011.2 |
          Lair |   6892 |   6429 |    463 |    595 |   4606 |   6 | 1148.7 |
        Shoals |    798 |    798 |      0 |    264 |    258 |   1 |  798.0 |
  Orcish Mines |   2868 |   2504 |    364 |    344 |   1351 |   2 | 1434.0 |
         Sewer |    196 |    196 |      0 |      0 |    118 |   1 |  196.0 |
        Bailey |    416 |    416 |      0 |     42 |    111 |   1 |  416.0 |
      Ice Cave |    496 |    496 |      0 |     93 |     92 |   1 |  496.0 |
               +--------+--------+--------+--------+--------+-----+--------+
